 Dungeon Crawl Stone Soup version 0.21.0-26-g889b8f6 (webtiles) character file.

14953 Haldmier the Martial Artist (level 11, 0/90 (91) HPs)
             Began as a Demigod Transmuter on Jan 28, 2018.
             Impaled on a porcupine's spines (7 damage)
             ... on level 3 of the Lair of Beasts.
             The game lasted 00:53:50 (15706 turns).

Haldmier the Martial Artist (Demigod Transmuter)   Turns: 15706, Time: 00:53:51

HP:   0/90 (91)     AC:  2    Str: 15    XL:     11   Next: 64%
MP:   0/21          EV: 27    Int: 21    God:
Gold: 547           SH:  0    Dex: 21    Spells: 8/18 levels left

rFire    . . .     SeeInvis .     - Unarmed
rCold    . . .     Gourm    .   (shield currently unavailable)
rNeg     + . .     Faith    .   (armour currently unavailable)
rPois    x         Spirit   +   (helmet currently unavailable)
rElec    .         Reflect  .   (cloak currently unavailable)
rCorr    .         Harm     .   (gloves currently unavailable)
MR       +....                  (boots currently unavailable)
Stlth    ++++......             h - amulet of guardian spirit
HPRegen  0.25/turn              H - ring of stealth
MPRegen  0.17/turn              t - ring of positive energy

@: spider-form
A: tiny, high mp 1
a: End Transformation


You were on level 3 of the Lair of Beasts.
You were hungry.
You were a venomous arachnid creature.
You visited 2 branches of the dungeon, and saw 12 of its levels.

You collected 591 gold pieces.
You spent 44 gold pieces at shops.

Inventory:

Hand Weapons
 L - a +0 blowgun
Missiles
 a - 168 arrows
 o - 69 stones
 z - 19 tomahawks
 E - 5 javelins (quivered)
 M - 34 poisoned needles
 S - 5 curare-tipped needles
Armour
 b - a +0 robe (melded)
 f - a +0 pair of boots (melded)
 j - a +0 pair of gloves (melded)
 u - a +1 cloak (melded)
 I - a +0 buckler (melded)
Jewellery
 h - an amulet of guardian spirit (around neck)
 i - an uncursed ring of ice {unknown}
 t - a ring of positive energy (right front leg)
 H - a ring of stealth (left front leg)
Wands
 F - a wand of paralysis (19)
Scrolls
 k - a scroll of brand weapon {unknown}
 l - a scroll of blinking {unknown}
 m - 3 scrolls of identify
 B - 4 scrolls of teleportation
 G - 4 scrolls of fear
 N - a scroll of magic mapping
 R - 4 scrolls of remove curse
Potions
 e - 3 potions of lignification
 g - a potion of agility {unknown}
 n - a potion of cancellation {unknown}
 q - 7 potions of haste
 s - 2 potions of curing
 v - a potion of flight {unknown}
 w - 3 potions of heal wounds
 A - a potion of berserk rage
 C - 5 potions of might
 D - 3 potions of brilliance
Books
 c - a book of Power

   Spells                             Type                      Level
   a - Iskenderun's Battlesphere      Conjuration/Charms           5
   b - Venom Bolt                     Conjuration/Poison           5
   c - Bolt of Magma                  Conjuration/Fire/Earth       5
   d - Iron Shot                      Conjuration/Earth            6
   e - Orb of Destruction             Conjuration                  7
   f - Spellforged Servitor           Conjuration/Summoning        7
Miscellaneous
 P - a lightning rod (4/4)
Comestibles
 d - 23 rations
 p - 6 chunks of flesh


   Skills:
 + Level 6.7 Fighting
 + Level 7.0 Dodging
 - Level 3.0 Stealth
 - Level 4.0 Shields
 * Level 9.9 Unarmed Combat
 + Level 4.3 Spellcasting
 * Level 8.5 Transmutations
 - Level 4.1 Ice Magic
 - Level 3.0 Poison Magic


You had 8 spell levels left.
You knew the following spells:

 Your Spells              Type           Power        Failure   Level  Hunger
a - Beastly Appendage     Tmut           #####.       3%          1    None
b - Sticks to Snakes      Tmut           #####...     3%          2    #......
c - Spider Form           Tmut/Pois      ####......   11%         3    ##.....
d - Ice Form              Ice/Tmut       ####....     22%         4    ####...


Dungeon Overview and Level Annotations

Branches:
Dungeon (9/15)             Temple (0/1) D:4            Lair (3/6) D:9
  Swamp (0/4) Lair:2
  Snake: Lair:2-4    Spider: Lair:2-4       Orc: D:9-12

Shops:
D:5 *   D:9 *

Annotations:
D:7 wojtek's ghost, novice DsNe
D:8 Giant
D:9 exclusion: hydra
Lair:2 8 Hydra


Innate Abilities, Weirdness & Mutations

You have an increased reservoir of magic. (+10% MP)


Message History

The wolf completely misses you. The porcupine misses you.
You hit the wolf.
The wolf looks as sick as possible!
The wolf is heavily wounded.
The wolf completely misses you. The porcupine completely misses you.
You barely miss the wolf.
The wolf is severely wounded.
The wolf completely misses you.
The porcupine twitches its whiskers.
The porcupine completely misses you. The wolf bites you.
* * * LOW HITPOINT WARNING * * *
You barely miss the wolf.
The wolf is severely wounded.
The wolf barely misses you. The porcupine bites you.
* * * LOW HITPOINT WARNING * * *
You hit the wolf.
You kill the wolf!
The porcupine bites you!
* * * LOW HITPOINT WARNING * * *
You are struck by the porcupine's spines.
You die...

#..................
#..................
##..###.####.#.....
#...# ### ####....
#P.## #.#... ##..#
####.. #...# ##.
##..## ## #.#s##
##.r.# ## ##.## #..
##%# ####...
#.รท###.......
##........$(.
##...........h
#.............
#......>......


You could see a porcupine.

Vanquished Creatures
  2 hydras (Lair:3)
  Sonja (Lair:1)
  An oklob plant (Lair:3)
  A black mamba (Lair:2)
  5 elephants
  2 komodo dragons
  6 spiny frogs
  A rime drake (Lair:3)
  4 blink frogs (Lair:3)
  4 hippogriffs
  3 yaks (Lair:1)
  A spriggan (D:7)
  2 wyverns
  Eustachio (D:5)
  Edmund (D:5)
  6 water moccasins
  6 porcupines
  2 orc warriors
  2 black bears
  2 ice beasts
  2 phantoms
  6 ogres
  9 wolves
  A necrophage (D:7)
  4 crocodiles
  A centaur (D:9)
  A big kobold (D:8)
  11 bullfrogs
  A wyvern zombie (D:7)
  2 scorpions (D:8)
  A wyvern skeleton (D:8)
  4 wights
  4 howler monkeys
  3 crimson imps
  An orc priest (D:8)
  A bullfrog skeleton (D:4)
  2 hounds
  A jelly (D:8)
  2 orc wizards
  A centaur skeleton (D:4)
  2 iguanas
  4 worker ants
  A mummy (D:9)
  5 adders
  4 shadow imps
  3 adder skeletons
  4 adder zombies
  A worm (D:5)
  A dart slug (D:3)
  2 leopard geckos
  18 orcs
  3 ball pythons (D:1)
  9 giant cockroaches
  3 hobgoblins
  3 jackals (D:4)
  11 kobolds
  5 quokkas
  9 bats
  2 frilled lizards
  4 goblins
  9 rats
214 creatures vanquished.

Vanquished Creatures (collateral kills)
  A worker ant (D:4)
  An orc (D:4)
  A rat (D:3)
3 creatures vanquished.

Vanquished Creatures (others)
  5 fungi
  3 plants
8 creatures vanquished.

Grand Total: 225 creatures vanquished

Notes
Turn   | Place    | Note
-------+----------+-------------------------------------------
     0 | D:1      | Haldmier the Demigod Transmuter began the quest for the Orb.
     0 | D:1      | Reached XP level 1. HP: 15/15 MP: 5/5
   149 | D:1      | Reached skill level 1 in Fighting
   658 | D:1      | Reached XP level 2. HP: 23/23 MP: 5/7
   855 | D:1      | Learned a level 2 spell: Sticks to Snakes
   860 | D:1      | Reached skill level 3 in Unarmed Combat
  1614 | D:2      | Found a bloodstained altar of Trog.
  1675 | D:2      | Reached XP level 3. HP: 19/28 MP: 4/8
  1917 | D:2      | Learned a level 3 spell: Spider Form
  2101 | D:2      | Found a shimmering altar of Xom.
  2102 | D:2      | Found a shimmering altar of Xom.
  2123 | D:2      | Found a shimmering altar of Xom.
  2131 | D:2      | You fall through a shaft!
  2700 | D:2      | Found a bloodstained altar of Trog.
  2857 | D:2      | Found a shimmering altar of Xom.
  2858 | D:2      | Found a shimmering altar of Xom.
  2860 | D:2      | Found a shimmering altar of Xom.
  3770 | D:4      | Reached skill level 1 in Stealth
  3770 | D:4      | Reached XP level 4. HP: 32/36 MP: 5/9
  3799 | D:4      | Reached skill level 1 in Poison Magic
  3826 | D:4      | Noticed an ogre
  3838 | D:4      | Killed an ogre
  3838 | D:4      | Reached XP level 5. HP: 18/41 MP: 3/10
  4148 | D:4      | Found a staircase to the Ecumenical Temple.
  4211 | D:4      | Reached skill level 4 in Unarmed Combat
  4451 | D:5      | Entered Level 5 of the Dungeon
  4461 | D:5      | Noticed a phantom
  4657 | D:5      | Reached XP level 6. HP: 39/49 MP: 6/11
  4969 | D:5      | Found Louplawk's Assorted Antiques.
  5083 | D:5      | Noticed Edmund
  5114 | D:5      | Killed Edmund
  5488 | D:5      | Found an opulent altar of Gozag.
  5540 | D:5      | Noticed Eustachio
  5551 | D:5      | Killed Eustachio
  5551 | D:5      | Reached XP level 7. HP: 50/56 MP: 7/13
  6088 | D:5      | Bought a scroll labeled RILUOXT ZATAD for 22 gold pieces
  6088 | D:5      | Bought a scroll labeled KASIQA LIDEFAI for 22 gold pieces
  6387 | D:6      | Learned a level 4 spell: Ice Form
  6428 | D:6      | Found an opulent altar of Gozag.
  6885 | D:7      | Reached skill level 5 in Unarmed Combat
  6901 | D:7      | Noticed wojtek's ghost (novice DsNe)
  6911 | D:7      | Reached skill level 1 in Shields
  7314 | D:7      | Noticed a spriggan baker
  7324 | D:7      | Killed a spriggan baker
  7324 | D:7      | Reached skill level 1 in Ice Magic
  7324 | D:7      | Reached XP level 8. HP: 35/63 MP: 6/15
  7463 | D:7      | Noticed a hippogriff
  7579 | D:7      | Killed a hippogriff
  8145 | D:7      | Found a deep blue altar of Sif Muna.
  8145 | D:7      | Found an ornate altar of the Wu Jian Council.
  8415 | D:7      | Found a white marble altar of Elyvilon.
  8451 | D:8      | Reached skill level 6 in Unarmed Combat
  8472 | D:8      | Noticed a two-headed ogre
  9221 | D:8      | Reached XP level 9. HP: 70/70 MP: 14/16
 10287 | D:9      | Reached skill level 7 in Unarmed Combat
 10386 | D:9      | Found a snail-covered altar of Cheibriados.
 10438 | D:9      | Noticed an eight-headed hydra
 10471 | D:9      | Found a staircase to the Lair.
 10515 | D:9      | Reached skill level 5 in Dodging
 10569 | D:9      | Found a white marble altar of Elyvilon.
 10644 | D:9      | Found Patz's General Store.
 10923 | Lair:1   | Entered Level 1 of the Lair of Beasts
 10923 | Lair:1   | Noticed a komodo dragon
 10923 | Lair:1   | Noticed a spiny frog
 10944 | D:9      | Killed a spiny frog
 10944 | D:9      | Reached skill level 5 in Transmutations
 10951 | D:9      | Killed a komodo dragon
 11288 | Lair:1   | Noticed a spiny frog
 11296 | Lair:1   | Killed a spiny frog
 11324 | Lair:1   | Reached XP level 10. HP: 79/79 MP: 13/17
 11355 | Lair:1   | Reached skill level 5 in Fighting
 11432 | Lair:1   | Noticed Sonja
 11439 | Lair:1   | Killed Sonja
 11521 | Lair:1   | Reached skill level 8 in Unarmed Combat
 12590 | Lair:2   | Noticed an elephant
 12598 | Lair:2   | Noticed an elephant
 12604 | Lair:2   | Noticed an elephant
 12669 | Lair:1   | Killed an elephant
 13191 | Lair:2   | Noticed an eight-headed hydra
 13262 | Lair:2   | Noticed an elephant
 13269 | Lair:2   | Noticed an elephant
 13337 | Lair:1   | Killed an elephant
 13420 | Lair:2   | Noticed a black mamba
 13427 | Lair:2   | Killed a black mamba
 13427 | Lair:2   | Reached skill level 9 in Unarmed Combat
 13644 | Lair:2   | Reached XP level 11. HP: 88/88 MP: 14/19
 14353 | Lair:2   | Found a staircase to the Swamp.
 14869 | Lair:3   | Noticed a four-headed hydra
 14998 | Lair:3   | Killed a four-headed hydra
 15522 | Lair:3   | Noticed an eight-headed hydra
 15560 | Lair:3   | Killed an eight-headed hydra
 15706 | Lair:3   | Impaled on a porcupine's spines

Skill      XL: |  1  2  3  4  5  6  7  8  9 10 11 |
---------------+----------------------------------+-----
Fighting       | 1 2 3 4 5 6 |  6.7
Dodging        | 2 3 4 5 6 7 |  7.0
Unarmed Combat | 3 4 5 6 7 9 |  9.9
Transmutations | 2 3 4 5 7 8 |  8.5
Spellcasting   | 2 3 4 |  4.3
Stealth        | 1 2 3 |  3.0
Poison Magic   | 1 2 3 |  3.0
Shields        | 1 2 3 4 |  4.0
Ice Magic      | 1 2 3 4 |  4.1

Action                   |  1- 3 |  4- 6 |  7- 9 | 10-12 || total
-------------------------+-------+-------+-------+-------++-------
Melee: Unarmed           |   142 |    99 |   365 |   250 ||   856
       Kick              |    18 |    14 |    19 |       ||    51
       Headbutt          |     7 |     1 |     8 |     1 ||    17
       Punch             |     2 |     2 |     1 |       ||     5
Throw: Stone             |     5 |     3 |     2 |       ||    10
       Javelin           |       |       |       |     8 ||     8
 Cast: Beastly Appendage |    36 |     9 |    20 |     2 ||    67
       Sticks to Snakes  |     4 |     8 |     5 |       ||    17
       Spider Form       |     1 |     6 |    23 |    18 ||    48
       Ice Form          |       |       |     4 |    16 ||    20
  Use: Scroll            |       |       |    11 |    10 ||    21
 Stab: Sleeping          |     4 |     1 |     6 |     3 ||    14
       Distracted        |       |     3 |     1 |       ||     4
  Eat: Chunk             |    11 |     3 |    18 |    19 ||    51
       Ration            |       |     1 |     1 |       ||     2
Armor: Robe              |    23 |     8 |    22 |     2 ||    55
       Skin              |     2 |     1 |    12 |    18 ||    33
Dodge: Dodged            |   107 |    75 |   234 |   220 ||   636
Block: Buckler           |       |       |    16 |     4 ||    20
